 Dungeon Crawl Stone Soup version 0.26-a0-958-gf3041fb45f (webtiles) character file.

Game seed: 10323715008963371540

642707 streetpizza the Wrestler (level 27, -5/289 HPs)
             Began as a Troll Hunter on Nov 30, 2020.
             Was a High Priest of Trog.
             Slain by an Orb Guardian (20 damage)
             ... on level 5 of the Realm of Zot on Dec 1, 2020.
             The game lasted 06:45:24 (63565 turns).

streetpizza the Wrestler (Troll Hunter)            Turns: 63565, Time: 06:45:25

Health: -5/289     AC: 38    Str: 28 (33) XL:     27
Magic:  22/22      EV:  7    Int:  4 (10) God:    Trog [*****.]
Gold:   4033       SH:  0    Dex: 10 (16) Spells: 26/26 levels left

rFire    + + .     SeeInvis +     - Unarmed
rCold    + + .     Faith    .   d - +6 tower shield {rC+ rF+}
rNeg     + + .     Spirit   .   V - +9 scales of the Dragon King {rPois rF+ rC+ MR+}
rPois    +         Reflect  +   X - +2 hood of the Assassin {Detection Stab+ Stlth++}
rElec    .         Harm     .   W - +2 cloak {MR+}
rCorr    .         Rampage  .   (gloves unavailable)
MR       +++++     Clarity  +   (boots unavailable)
Stlth    ..........             K - amulet of reflection
HPRegen  1.98/turn              E - ring "Zokhui" {rPois rN+ MR+ Str+2 SInv}
MPRegen  0.18/turn              L - ring of Recklessness {rN+ Str+5 Slay+4}

@: marked, held, regenerating, very slow
A: large, unfitting armour, antennae 1, claws 3, repulsion field 1, blurry
vision 1, clarity, regeneration 1, shaggy fur 1, tough skin 3, weak 1, no potion
heal 1
}: 3/15 runes: decaying, silver, gossamer
a: Berserk, Trog's Hand, Brothers in Arms, Renounce Religion


You were on level 5 of the Realm of Zot.
You worshipped Trog.
Trog was extremely pleased with you.
You visited 10 branches of the dungeon, and saw 50 of its levels.
You visited the Abyss 2 times.
You also visited: Sewer, Ossuary, Gauntlet and Ice Cave.

You collected 9067 gold pieces.
You spent 5034 gold pieces at shops.

Inventory:

Hand Weapons
 B - the +9 demon whip of Analysis {antimagic, rPois rF+}
   (Trog gifted it to you on level 2 of the Vaults)

   It reduces the magical energy of the wielder, and disrupts the spells and
   magical abilities of those hit.
   Natural abilities and divine invocations are not affected.
   It protects you from fire.
   It protects you from poison.
Missiles
 c - 131 large rocks (quivered)
 F - 16 silver javelins
Armour
 d - a +6 tower shield of resistance (worn)
 V - the +9 scales of the Dragon King (worn) {rPois rF+ rC+ MR+}
   (You found it on level 5 of the Vaults)

   It protects you from fire.
   It protects you from cold.
   It protects you from poison.
   It affects your resistance to hostile enchantments.
 W - a +2 cloak of magic resistance (worn)
 X - the +2 hood of the Assassin (worn) {Detection Stab+ Stlth++}
   (You found it on level 2 of the Vaults)

   It makes you much more stealthy.
Jewellery
 E - the ring "Zokhui" (left claw) {rPois rN+ MR+ Str+2 SInv}
   (You took it off a deep elf mage on level 3 of the Elven Halls)

   [ring of see invisible]

   It affects your strength (+2).
   It protects you from poison.
   It protects you from negative energy.
   It affects your resistance to hostile enchantments.
   It lets you see invisible.
 K - an amulet of reflection (around neck)
 L - the ring of Recklessness (right claw) {rN+ Str+5 Slay+4}
   (You acquired it on level 8 of the Dungeon)

   [ring of slaying]

   It affects your strength (+5).
   It affects your accuracy and damage with ranged weapons and melee attacks
   (+4).
   It protects you from negative energy.
Wands
 b - a wand of random effects (38)
 s - a wand of polymorph (20)
 C - a wand of iceblast (74)
 H - a wand of paralysis (31)
 O - a wand of enslavement (25)
 Q - a wand of disintegration (68)
 S - a wand of digging (15)
 U - a wand of acid (23)
Scrolls
 a - 22 scrolls of identify
 h - 10 scrolls of fog
 i - 12 scrolls of fear
 k - 26 scrolls of remove curse
 o - 5 scrolls of silence
 p - 5 scrolls of enchant armour
 t - 4 scrolls of holy word
 u - a scroll of amnesia
 x - 5 scrolls of magic mapping
 y - 16 scrolls of teleportation
 G - 7 scrolls of blinking
 J - a scroll of torment
Potions
 f - 4 potions of might
 g - 4 potions of haste
 n - 21 potions of curing
 q - 7 potions of flight
 r - 3 potions of mutation
 v - 5 potions of cancellation
 w - 3 potions of heal wounds
 z - a potion of attraction
 A - 7 potions of invisibility
 D - 5 potions of resistance
 N - a potion of berserk rage
 P - 6 potions of ambrosia
 T - 4 potions of magic
Miscellaneous
 e - a phantom mirror
 j - a tin of tremorstones (2/2)
 l - a condenser vane
 m - a phantom mirror
 I - a box of beasts
 M - a phial of floods (inert)
 Z - a lightning rod (4/4)


   Skills:
 + Level 19.7 Fighting
 - Level 3.6 Throwing
 + Level 15.2 Armour
 - Level 13.5 Dodging
 - Level 0.3 Stealth
 + Level 16.3 Shields
 + Level 23.4 Unarmed Combat
 + Level 17.2 Evocations


You had 26 spell levels left.
You didn't know any spells.
Your spell library contained the following spells:

 Spells                   Type           Power        Failure   Level
 Animate Skeleton         Necr           #.....       100%        1
 Apportation              Tloc           #.....       100%        1
 Beastly Appendage        Tmut           #.....       100%        1
 Corona                   Hex            #......      100%        1
 Foxfire                  Conj/Fire      #...         100%        1
 Freeze                   Ice            #...         100%        1
 Magic Dart               Conj           #...         100%        1
 Pain                     Necr           #...         100%        1
 Summon Small Mammal      Summ           #...         100%        1
 Blink                    Tloc           N/A          100%        2
 Corpse Rot               Necr/Air       N/A          100%        2
 Ensorcelled Hibernation  Hex/Ice        #.....       100%        2
 Sublimation of Blood     Necr           #.........   100%        2
 Wereblood                Tmut           #.......     100%        2
 Call Canine Familiar     Summ           #.......     100%        3
 Confusing Touch          Hex            #.......     100%        3
 Dazzling Flash           Conj/Hex       #.....       100%        3
 Frozen Ramparts          Ice            #.....       100%        3
 Gell's Gravitas          Tloc           #.........   100%        3
 Inner Flame              Hex/Fire       #.......     100%        3
 Lesser Beckoning         Tloc           #.........   100%        3
 Mephitic Cloud           Conj/Pois/Air  #.......     100%        3
 Ozocubu's Armour         Ice            #.......     100%        3
 Spider Form              Tmut/Pois      #.........   100%        3
 Static Discharge         Conj/Air       #.......     100%        3
 Stone Arrow              Conj/Erth      #.....       100%        3
 Teleport Other           Tloc           #.......     100%        3
 Tukima's Dance           Hex            #.......     100%        3
 Vampiric Draining        Necr           #.........   100%        3
 Airstrike                Air            #.........   100%        4
 Animate Dead             Necr           #.........   100%        4
 Cause Fear               Hex            #.........   100%        4
 Dispel Undead            Necr           #.......     100%        4
 Hailstorm                Conj/Ice       #.......     100%        4
 Ice Form                 Ice/Tmut       #.......     100%        4
 Petrify                  Tmut/Erth      #.......     100%        4
 Sticky Flame             Conj/Fire      #.......     100%        4
 Summon Ice Beast         Ice/Summ       #.......     100%        4
 Summon Lightning Spire   Summ/Air       #.......     100%        4
 Agony                    Necr           #.......     100%        5
 Blade Hands              Tmut           #.........   100%        5
 Bolt of Magma            Conj/Fire/Erth #.........   100%        5
 Borgnjor's Vile Clutch   Necr/Erth      #.........   100%        5
 Excruciating Wounds      Necr           #.........   100%        5
 Fireball                 Conj/Fire      #.........   100%        5
 Iskenderun's Battlesphe  Conj           #.......     100%        5
 Metabolic Englaciation   Hex/Ice        #.........   100%        5
 Silence                  Hex/Air        #.........   100%        5
 Yara's Violent Unravell  Hex/Tmut       #.........   100%        5
 Conjure Ball Lightning   Conj/Air       #.........   100%        6
 Death Channel            Necr           #.........   100%        6
 Iron Shot                Conj/Erth      #.........   100%        6
 Simulacrum               Ice/Necr       #.........   100%        6
 Dragon Form              Tmut           #.........   100%        7
 Orb of Destruction       Conj           #.........   100%        7
 Spellforged Servitor     Conj/Summ      #.........   100%        7
 Dragon's Call            Summ           #.........   100%        9
 Tornado                  Air            #.........   100%        9


Dungeon Overview and Level Annotations

Branches:
Dungeon (15/15)            Temple (1/1) D:6            Lair (6/6) D:11
  Swamp (4/4) Lair:4       Spider (4/4) Lair:2        Slime (0/5) Lair:5
    Orc (2/2) D:9             Elf (3/3) Orc:2        Vaults (5/5) D:13
  Crypt (0/3) Vaults:2     Depths (5/5) D:15            Zot (5/5) Depths:5
  Sewer (visited)         Ossuary (visited)           IceCv (visited)
Gauntlet (visited)

Altars:
Ashenzari
Cheibriados
Dithmenos
Elyvilon
Fedhas
Gozag
Hepliaklqana
Kikubaaqudgha
Makhleb
Nemelex Xobeh
Okawaru
Qazlal
Ru
Sif Muna
Trog
Uskayaw
Vehumet
Wu Jian
Xom
Yredelemnul
Zin
The Shining One
Beogh
Jiyva
Lugonu

Shops:
D:4 (   D:8 ?   D:12 (   D:13 ?   Orc:2 :![=[(((   Elf:1 [   Elf:2 }   Elf:3 *
Vaults:1 *   Vaults:2 :   Vaults:4 ?[(=(   Depths:1 !?   Depths:5 *

Portals:
Hell: Depths:1 Depths:2 Depths:3 Depths:4 Depths:5
Abyss: Depths:2 Depths:4
Pandemonium: Depths:3
Ziggurat: Depths:5

Annotations:
D:8 2 transporters
Elf:2 3 runed translucent doors
Vaults:4 3 runed translucent doors, Silenth's ghost, adept DrFE
Depths:5 1 runed translucent door


Innate Abilities, Weirdness & Mutations

You are too large for most types of armour.
You have claws for hands.
Your natural rate of healing is unusually fast.
You are covered in fur. (AC +1)
You have extremely tough skin. (AC +3)
You have a pair of small antennae on your head.
You are surrounded by a mild repulsion field. (EV +2)
Scrolls take you a little longer to read.
You possess an exceptional clarity of mind.
You are weak. (Str -2)
Potions are less effective at restoring your health.


Message History

The Orb Guardian hits you but does no damage.
An Orb Guardian comes into view.
The Orb Guardian closely misses you.
The Orb Guardian hits you but does no damage. x3
The Orb Guardian drops a net on you. A large net falls onto you!
You hear a splash.
Your deep troll barely misses the Orb Guardian.
Your deep troll misses the Orb Guardian.
Your deep troll barely misses the Orb Guardian.
The Orb Guardian hits you but does no damage.
Unknown command.
Unknown command.
Unknown command.
Evoke which item? (* to show all) (? for menu, Esc to quit)
Okay, then.
Your system partially rejects the healing.
You feel much better. The Orb Guardian hits you.
* * * LOW HITPOINT WARNING * * *
The Orb Guardian completely misses you. The Orb Guardian hits you!!
You die...

**,,.......z....^.^......▓▓
**,,........X.............▓
*,,...............(......▓
**,...^.................▓▓
**▓..........{{.......▓▓
▓▓▓▓...^.{..{≈≈....▓▓
#▓▓▓▓▓▓▓▓▓▓▓##XX≈.^▓▓
###...)......^≈XXX...^##
##.)..##.......≈@XX≈....#*
#...###^.......zXX.≈.....#*
)..###............T.......#
..## #.^..................#
..# #......^^............#
.## #....).....†.........#
.# #...................?#
.## #........^......^...,*
..# ##................^,**


You could see a death cob, 9 Orb Guardians and a friendly deep troll (summoned,
berserk).

Vanquished Creatures
  3 orbs of fire
  3 ancient liches
  4 Killer Klowns (Zot:5)
  Bai Suzhen (Vaults:3)
  Margery (Vaults:4)
  2 caustic shrikes (Depths:3)
  A curse toe (Zot:2)
  Nikola (Spider:2)
  A golden dragon (shapeshifter) (Vaults:5)
  2 bone dragons
  19 golden dragons
  An electric golem (Zot:5)
  22 tentacled monstrosities
  Rupert (Spider:1)
  An Ice Fiend (IceCv)
  10 Orb Guardians (Zot:5)
  2 deep elf blademasters (Elf:3)
  3 liches
  4 deep elf master archers (Elf:3)
  6 titans
  9 quicksilver dragons
  6 sphinxes
  A tentacled starspawn (Abyss:2)
  15 storm dragons
  2 thorn hunters
  13 death cobs
  Donald (Swamp:2)
  9 shadow dragons
  8 draconian monks
  10 tengu reavers
  8 fire giants
  15 frost giants
  12 vault wardens
  7 deep elf sorcerers
  4 emperor scorpions
  A juggernaut zombie (Depths:3)
  5 draconian scorchers
  4 iron dragons
  8 draconian knights
  12 draconian shifters
  A balrug (Depths:1)
  An orc warlord (Orc:2)
  5 draconian stormcallers
  A deep elf elementalist (Elf:3)
  10 ghost moths
  Aizul (Depths:1)
  10 draconian annihilators
  12 ironheart preservers
  5 spriggan defenders
  A starcursed mass (Abyss:2)
  22 stone giants
  29 very ugly things
  5 entropy weavers
  2 deep elf demonologists
  2 vampire knights
  19 green draconians
  8 spark wasps
  A minotaur (Gauntlet)
  9 yellow draconians
  9 red draconians
  6 bunyips
  7 deep elf annihilators
  16 black draconians
  12 purple draconians
  8 white draconians
  4 eleionomae
  A deep elf high priest (Vaults:5)
  11 ettins
  8 fire dragons
  18 yaktaur captains
  5 deep elf death magi (Elf:3)
  24 vault guards
  7 great orbs of eyes
  9 ogre magi
  6 rakshasas
  A ghost crab (Swamp:4)
  11 hydras
  10 ice dragons
  A hell beast (Depths:3)
  10 spriggan air magi
  15 boulder beetles
  4 alligators
  6 centaur warriors
  12 dancing weapons
  27 two-headed ogres
  5 deep troll shamans
  3 vampire magi
  2 death scarabs (Gauntlet)
  3 tengu warriors
  4 death yaks
  7 deep troll earth magi
  2 thrashing horrors (Abyss:2)
  2 wretched stars (Abyss:2)
  A shock serpent (shapeshifter) (Depths:2)
  3 spriggan berserkers
  5 soul eaters
  2 sun demons (Depths:1)
  A spectral death yak (Gauntlet)
  26 spriggans
  15 deep elf knights
  Sonja (Lair:1)
  2 salamander mystics (Depths:4)
  A sixfirhy (Depths:3)
  3 death drakes
  3 shadow wraiths
  3 goliath frogs
  10 hell knights
  2 skeletal warriors (D:15)
  4 spriggan druids
  9 swamp dragons
  An unseen horror (shapeshifter) (Vaults:4)
  A spectral hydra (Gauntlet)
  17 deep trolls
  3 iron trolls
  4 bog bodies
  4 flayed ghosts
  A tengu zombie (Vaults:3)
  3 glowing orange brains
  5 wizards
  A golden dragon skeleton (Zot:3)
  16 ironbrand convokers
  A swamp dragon (shapeshifter) (Vaults:5)
  4 unseen horrors
  15 deep elf archers
  3 phantasmal warriors
  An obsidian statue (D:13)
  A wolf spider zombie (D:14)
  A harpy (shapeshifter) (Vaults:2)
  7 necromancers
  A lindwurm (Depths:4)
  3 harpies (Vaults:5)
  A wolf spider (shapeshifter) (Vaults:5)
  39 wolf spiders
  2 tengu skeletons
  A cyclops (shapeshifter) (Vaults:2)
  A frost giant zombie (Depths:3)
  7 salamanders
  3 orc sorcerers
  71 deep elf magi
  17 orc knights
  17 orb spiders
  A spectral boulder beetle (Gauntlet)
  6 cyclopes
  A manticore (D:13)
  5 will-o-the-wisps
  A shadow dragon skeleton (Zot:3)
  A stone giant zombie (D:15)
  35 ugly things
  A rust devil (Depths:3)
  A spriggan zombie (D:15)
  35 moths of wrath
  Joseph (D:9)
  3 black mambas
  3 ice statues
  7 elephants
  A guardian serpent (shapeshifter) (Abyss:2)
  A naga mage (Vaults:2)
  16 vault sentinels
  A torpor snail (Lair:3)
  13 cane toads
  A cane toad (shapeshifter) (Depths:2)
  2 gargoyles (D:13)
  A torpor snail (shapeshifter) (Vaults:5)
  3 eyes of devastation (Depths:5)
  A titan simulacrum (Depths:3)
  84 yaktaurs
  6 rime drakes
  4 kobold demonologists (D:13)
  7 ice devils
  A human zombie (Vaults:3)
  7 komodo dragons
  2 guardian mummies
  28 demonic crawlers
  4 tengu conjurers
  5 freezing wraiths
  A golden dragon simulacrum (IceCv)
  A black draconian skeleton (Zot:3)
  4 anaconda simulacra (IceCv)
  An ancient zyme (Abyss:2)
  A meliai (shapeshifter) (Depths:2)
  A bloated husk (Swamp:4)
  8 tyrant leeches
  4 human skeletons (Vaults:3)
  38 jumping spiders
  A merfolk (shapeshifter) (Vaults:5)
  A queen bee (shapeshifter) (Depths:2)
  19 trolls
  4 polar bears
  3 raiju (Abyss:3)
  31 hornets
  34 slime creatures
  17 blink frogs
  3 centaur simulacra
  2 deep troll zombies
  7 dream sheep (Lair:6)
  A redback (shapeshifter) (Elf:2)
  4 air elementals
  Sigmund (D:3)
  23 yaks
  55 redbacks
  5 wyverns
  A spriggan skeleton (D:15)
  33 tarantellas
  7 water elementals
  5 basilisks
  3 wraiths
  4 fire elementals
  2 neqoxecs
  A yaktaur simulacrum (Vaults:2)
  3 steam dragons
  Grum (Lair:1)
  9 vampire mosquitoes
  A death yak simulacrum (IceCv)
  9 swamp worms
  2 spatial vortices (Elf:3)
  7 harpy simulacra (IceCv)
  3 acid dragons
  3 iron troll simulacra (IceCv)
  9 wargs
  A large abomination (Abyss:2)
  22 water moccasins
  3 hydra simulacra (IceCv)
  A spectral torpor snail (Gauntlet)
  A floating eye (Depths:2)
  15 swamp drakes
  8 black bears
  A phantom (D:4)
  41 orc warriors
  6 sky beasts
  A black bear (shapeshifter) (D:14)
  3 ice beasts
  An alligator simulacrum (IceCv)
  An eye of draining (Abyss:2)
  2 ettin simulacra
  A necrophage (D:11)
  17 boggarts
  69 wolves
  50 ogres
  24 centaurs
  12 big kobolds
  3 earth elementals
  24 bullfrogs
  2 wyvern skeletons
  3 scorpions
  A water moccasin skeleton (D:9)
  A scorpion (shapeshifter) (Elf:3)
  7 killer bees
  A small abomination (Abyss:2)
  4 howler monkeys
  A vampire bat (D:6)
  5 wights (D:6)
  An electric eel (Spider:1)
  4 crimson imps
  7 centaur zombies
  2 draconian simulacra (IceCv)
  4 jellies
  2 bullfrog zombies
  3 iron imps
  Crazy Yiuf (D:7)
  19 orc priests
  5 hounds
  5 bullfrog skeletons
  5 centaur skeletons
  A gnoll shaman (D:9)
  2 iguanas
  22 orc wizards
  6 troll simulacra (IceCv)
  8 worker ants
  2 wolf simulacra (IceCv)
  An ogre zombie (Ossuary)
  A hound zombie (D:7)
  7 mummies (Ossuary)
  4 worker ant zombies
  A howler monkey skeleton (D:8)
  2 naga simulacra (IceCv)
  15 adders
  10 gnolls
  3 shadow imps
  14 white imps
  11 ufetubi
  5 oozes
  6 adder zombies
  An adder skeleton (D:9)
  6 worms
  A dart slug (D:1)
  4 leopard geckos
  115 orcs
  4 ball pythons
  3 bat skeletons (D:6)
  3 bat zombies (D:6)
  13 giant cockroaches
  13 goblins
  9 hobgoblins
  24 jackals
  46 kobolds
  5 quokkas
  13 bats
  9 frilled lizards
  5 goblin zombies (Ossuary)
  3 hobgoblin zombies (Ossuary)
  3 kobold zombies (Ossuary)
  3 orc zombies (Ossuary)
  5 quokka zombies
  7 rats
  3 rat zombies (Ossuary)
  A briar patch (Swamp:1)
  5 bushes (D:13)
2478 creatures vanquished.

Vanquished Creatures (collateral kills)
  An ancient lich (Vaults:5)
  A Killer Klown (Zot:5)
  the Lernaean hydra (Swamp:4)
  A golden dragon (Zot:5)
  A lich (Vaults:5)
  A draconian knight (Zot:5)
  A deep elf sorcerer (Elf:3)
  A vault warden (Vaults:5)
  A deep elf elementalist (Vaults:5)
  A war gargoyle (Vaults:5)
  A spriggan defender (Depths:3)
  A stone giant (Vaults:5)
  A very ugly thing (Depths:3)
  A green draconian (Zot:2)
  A yellow draconian (Zot:5)
  Azrael (D:12)
  2 black draconians
  A purple draconian (Zot:5)
  An ettin (Vaults:5)
  A boulder beetle (D:12)
  7 hydras (Swamp:4)
  A vault guard (Vaults:5)
  A dancing weapon (Vaults:5)
  7 swamp dragons (Swamp:4)
  2 deep elf archers (Elf:3)
  A wolf spider (Spider:1)
  An orc knight (Orc:2)
  4 deep elf magi
  2 centaur zombies (D:12)
  A demonic crawler (Spider:1)
  2 trolls
  A bloated husk (Swamp:4)
  A tyrant leech (Swamp:4)
  A jumping spider (Spider:1)
  A tarantella (Spider:1)
  4 redbacks (Spider:1)
  A wraith (D:12)
  An air elemental (Elf:3)
  2 yaks (D:12)
  4 fire elementals
  A swamp worm (Swamp:4)
  An acid dragon (D:12)
  4 hell hounds (D:12)
  A sky beast (D:12)
  4 orc warriors
  A swamp drake (Swamp:4)
  2 centaurs (D:12)
  2 ogres (D:9)
  4 big kobolds (D:9)
  5 gnoll sergeants (D:9)
  A scorpion (D:12)
  2 killer bees (D:12)
  2 orc priests (D:12)
  2 worker ants (D:12)
  A gnoll (D:9)
  An adder (D:12)
  8 orcs
108 creatures vanquished.

Vanquished Creatures (others)
  A lich (Depths:3)
  A very ugly thing (Depths:3)
  A deep elf annihilator (Elf:3)
  A spriggan druid (Swamp:4)
  A deep elf archer (Elf:3)
  2 deep elf magi
  A rime drake (Depths:4)
  2 bloated husks
  A tarantella (Spider:1)
  2 centaurs
  2 killer bees
  22 foxfires
  20 fungi
  A lurking horror (Abyss:2)
  36 plants
  3 starspawn tentacles (Abyss:2)
  5 toadstools (D:6)
  12 withered plants (D:15)
114 creatures vanquished.

Grand Total: 2700 creatures vanquished

Notes
Turn   | Place    | Note
-------+----------+-------------------------------------------
     0 | D:1      | streetpizza the Troll Hunter began the quest for the Orb.
     0 | D:1      | Reached XP level 1. HP: 19/19 MP: 0/0
   146 | D:1      | Reached skill level 1 in Unarmed Combat
   147 | D:1      | Reached XP level 2. HP: 28/28 MP: 1/1
   244 | D:1      | Reached XP level 3. HP: 34/35 MP: 2/2
   574 | D:1      | Reached skill level 2 in Unarmed Combat
   786 | D:2      | Reached XP level 4. HP: 42/42 MP: 3/3
  1054 | D:2      | Found a bloodstained altar of Trog.
  1055 | D:2      | Found an iron altar of Okawaru.
  1061 | D:2      | Became a worshipper of Trog the Wrathful
  1085 | D:2      | Reached skill level 3 in Unarmed Combat
  1164 | D:2      | Found a burning altar of Makhleb.
  1169 | D:2      | Reached XP level 5. HP: 47/50 MP: 4/4
  1377 | D:3      | Found a hazy altar of Hepliaklqana.
  1571 | D:3      | Reached * piety under Trog
  1622 | D:3      | Noticed Sigmund
  1627 | D:3      | Killed Sigmund
  1628 | D:3      | Reached skill level 4 in Unarmed Combat
  1628 | D:3      | Reached XP level 6. HP: 61/61 MP: 5/5
  2239 | D:4      | Found a basalt altar of Yredelemnul.
  2257 | D:4      | Got a scintillating platinum ring
  2260 | D:4      | Identified the ring of Disaster {Fire Slay+2 SInv Stlth+}
                  | (You found it on level 4 of the Dungeon)
  2301 | D:4      | Reached skill level 5 in Unarmed Combat
  2301 | D:4      | Reached XP level 7. HP: 62/67 MP: 6/6
  2459 | D:4      | Reached skill level 1 in Evocations
  2517 | D:4      | Reached ** piety under Trog
  2641 | D:4      | Found Jivobloabe's Antique Weapon Emporium.
  2758 | D:4      | Reached skill level 6 in Unarmed Combat
  2767 | D:4      | Reached XP level 8. HP: 45/78 MP: 7/7
  2975 | D:5      | Entered Level 5 of the Dungeon
  3407 | D:5      | Found a glowing drain.
  3429 | Sewer    | Entered a sewer
  3969 | D:5      | Reached *** piety under Trog
  4045 | D:5      | Found an opulent altar of Gozag.
  4216 | D:5      | Reached skill level 7 in Unarmed Combat
  4531 | D:6      | Found a shadowy altar of Dithmenos.
  4659 | D:6      | Found a sand-covered staircase.
  4669 | Ossuary  | Entered an ossuary
  4818 | Ossuary  | Reached XP level 9. HP: 85/85 MP: 8/8
  5045 | Ossuary  | Reached **** piety under Trog
  5266 | D:6      | Found a staircase to the Ecumenical Temple.
  5281 | Temple   | Entered the Ecumenical Temple
  5604 | D:6      | Reached skill level 5 in Dodging
  5681 | D:6      | Found an ancient bone altar of Kikubaaqudgha.
  5690 | D:6      | Reached skill level 5 in Fighting
  5690 | D:6      | Reached skill level 8 in Unarmed Combat
  6166 | D:7      | Found a stormy altar of Qazlal.
  7118 | D:7      | Found a runed translucent door.
  7119 | D:7      | Noticed Crazy Yiuf
  7128 | D:7      | Killed Crazy Yiuf
  7229 | D:8      | Noticed a purple ugly thing
  7229 | D:8      | Noticed an ancient zyme
  7230 | D:8      | Noticed a green ugly thing
  7232 | D:8      | Found a corrupted altar of Lugonu.
  7233 | D:8      | Noticed a white ugly thing
  7294 | D:8      | Reached skill level 9 in Unarmed Combat
  7312 | D:8      | Noticed a two-headed ogre
  7320 | D:8      | Killed a two-headed ogre
  7321 | D:8      | Reached XP level 10. HP: 98/98 MP: 9/9
  7413 | D:8      | Found a transporter.
  7489 | D:8      | Found a transporter.
  7534 | D:8      | Found Pesauts's Magic Scroll Shop.
  7542 | D:8      | Bought a scroll of teleportation for 48 gold pieces
  7542 | D:8      | Bought a scroll of remove curse for 48 gold pieces
  7542 | D:8      | Bought a scroll of blinking for 120 gold pieces
  7542 | D:8      | Bought a scroll of identify for 32 gold pieces
  7542 | D:8      | Bought a scroll of enchant armour for 120 gold pieces
  7606 | D:8      | Reached ***** piety under Trog
  8198 | D:8      | Found a glowing golden altar of the Shining One.
  8335 | D:9      | Reached skill level 10 in Unarmed Combat
  8414 | D:9      | Noticed Joseph
  8563 | D:9      | Killed Joseph
  8664 | D:9      | Found a staircase to the Orcish Mines.
  8867 | D:9      | Reached skill level 5 in Evocations
  9009 | D:9      | Found a white marble altar of Elyvilon.
  9044 | D:10     | Entered Level 10 of the Dungeon
  9160 | D:10     | Received a gift from Trog
  9334 | D:10     | Reached XP level 11. HP: 104/107 MP: 10/10
  9547 | D:10     | Reached skill level 11 in Unarmed Combat
 10147 | D:11     | Reached skill level 1 in Shields
 10249 | D:11     | Found a staircase to the Lair.
 10413 | D:11     | Noticed a cyan ugly thing
 10423 | D:11     | Killed a cyan ugly thing
 10557 | D:11     | Noticed an unseen horror
 10562 | D:11     | Killed an unseen horror
 10954 | D:12     | Reached ****** piety under Trog
 10990 | D:12     | Noticed Azrael
 11001 | D:12     | Killed Azrael
 11003 | D:12     | Reached XP level 12. HP: 119/119 MP: 11/11
 11011 | D:12     | Noticed a six-headed hydra
 11014 | D:12     | Killed an eight-headed hydra
 11018 | D:12     | Noticed a two-headed ogre
 11019 | D:12     | Noticed a boulder beetle
 11022 | D:12     | Killed a boulder beetle
 11041 | D:11     | Received a gift from Trog
 11187 | D:12     | Killed a two-headed ogre
 11188 | D:12     | Reached skill level 12 in Unarmed Combat
 11498 | D:12     | Found Ehacue Xommu's Weapon Shop.
 11610 | D:12     | Got a pitted mace
 11611 | D:12     | Identified the +7 mace of Zaclil {freeze, *Noise rN+ Int+4}
                  | (You found it on level 12 of the Dungeon)
 11886 | D:13     | Identified the cursed +2 great sword "Ruzxuuma" {vamp, +Fly
                  | rElec}
 11886 | D:13     | Noticed a centaur warrior
 11899 | D:13     | Killed a centaur warrior
 11933 | D:13     | Noticed a two-headed ogre
 11943 | D:13     | Killed a two-headed ogre
 12015 | D:13     | Found a gate to the Vaults.
 12105 | D:13     | Noticed a boulder beetle
 12119 | D:13     | Killed a boulder beetle
 12584 | D:13     | Reached skill level 5 in Shields
 12932 | D:13     | Reached XP level 13. HP: 128/128 MP: 12/12
 13149 | D:13     | Found Pong's Magic Scroll Emporium.
 13242 | D:13     | Identified the Disquisition on Conjuration
 13562 | D:14     | Received a gift from Trog
 14208 | D:15     | Entered Level 15 of the Dungeon
 14257 | D:15     | Reached skill level 13 in Unarmed Combat
 14431 | D:15     | Found a sacrificial altar of Ru.
 14861 | D:15     | Found a staircase to the Depths.
 14889 | D:15     | Received a gift from Trog
 15351 | D:11     | Identified a scroll of acquirement
 15353 | D:11     | Acquired a +0 tower shield of resistance
 15385 | Lair:1   | Entered Level 1 of the Lair of Beasts
 15456 | Lair:1   | Noticed Sonja
 15493 | Lair:1   | Killed Sonja
 15568 | Lair:1   | Reached XP level 14. HP: 141/141 MP: 13/13
 15708 | Lair:1   | Noticed Grum
 15714 | Lair:1   | Killed Grum
 15782 | Lair:1   | Reached skill level 10 in Fighting
 15859 | Lair:1   | Reached skill level 10 in Dodging
 16583 | Lair:2   | Found a gate leading to a gauntlet.
 16592 | Gauntlet | Entered a Gauntlet
 16592 | Gauntlet | Found a transporter.
 16593 | Gauntlet | Found a large runed translucent door.
 16594 | Gauntlet | Found a large runed translucent door.
 16595 | Gauntlet | Found a large runed translucent door.
 16595 | Gauntlet | Found a large runed translucent door.
 16595 | Gauntlet | Found a runed translucent door.
 16596 | Gauntlet | Found a large runed translucent door.
 16597 | Gauntlet | Found a large runed translucent door.
 16598 | Gauntlet | Found a large runed translucent door.
 16598 | Gauntlet | Found a large runed translucent door.
 16599 | Gauntlet | Found a runed translucent gate.
 16599 | Gauntlet | Found a runed translucent gate.
 16601 | Gauntlet | Found a transporter.
 16603 | Gauntlet | Found a runed translucent door.
 16603 | Gauntlet | Found a runed translucent gate.
 16611 | Gauntlet | Found a large runed translucent door.
 16611 | Gauntlet | Found a large runed translucent door.
 16612 | Gauntlet | Found a large runed translucent door.
 16613 | Gauntlet | Found a large runed translucent door.
 16618 | Gauntlet | Found a transporter.
 16623 | Gauntlet | Found a transporter.
 16643 | Gauntlet | Found a transporter.
 16657 | Gauntlet | Found a transporter.
 16672 | Gauntlet | Found a transporter.
 16681 | Gauntlet | Found a transporter.
 16686 | Gauntlet | Found a transporter.
 16686 | Gauntlet | Found a transporter.
 16690 | Gauntlet | Found a transporter.
 16711 | Gauntlet | Found a transporter.
 16723 | Gauntlet | Found a transporter.
 16740 | Gauntlet | Found a transporter.
 16762 | Gauntlet | Found a transporter.
 16762 | Gauntlet | Found a transporter.
 16798 | Gauntlet | Found a transporter.
 16875 | Gauntlet | Found a transporter.
 16920 | Gauntlet | Found a large runed translucent door.
 16920 | Gauntlet | Found a large runed translucent door.
 16921 | Gauntlet | Found a runed translucent gate.
 16921 | Gauntlet | Found a runed translucent gate.
 16921 | Gauntlet | Found a runed translucent gate.
 16923 | Gauntlet | Found a transporter.
 16933 | Gauntlet | Found a large runed translucent door.
 16934 | Gauntlet | Found a large runed translucent door.
 16938 | Gauntlet | Found a transporter.
 16943 | Gauntlet | Found a transporter.
 16963 | Gauntlet | Found a transporter.
 16977 | Gauntlet | Found a transporter.
 16996 | Gauntlet | Found a transporter.
 16996 | Gauntlet | Found a transporter.
 16998 | Gauntlet | Found a large runed translucent door.
 16999 | Gauntlet | Found a large runed translucent door.
 17010 | Gauntlet | Found a transporter.
 17019 | Gauntlet | Found a transporter.
 17031 | Gauntlet | Found a transporter.
 17043 | Gauntlet | Found a transporter.
 17060 | Gauntlet | Found a transporter.
 17077 | Gauntlet | Found a transporter.
 17079 | Gauntlet | Found a transporter.
 17111 | Gauntlet | Found a transporter.
 17111 | Gauntlet | Found a transporter.
 17311 | Gauntlet | Got a pitted cloak
 17322 | Gauntlet | Identified the +2 cloak "Zipsiug" {rPois Str+3 Dex-5} (You
                  | found it in a Gauntlet)
 17409 | Gauntlet | Identified the amulet "Foetiq" {Spirit rPois rN++ Str-5}
 17578 | Lair:2   | Found a hole to the Spider Nest.
 17591 | Lair:2   | Received a gift from Trog
 18032 | Lair:3   | Found a runed translucent door.
 18182 | Lair:3   | Reached skill level 14 in Unarmed Combat
 18226 | Lair:3   | Got a scorched mace
 18227 | Lair:3   | Identified the cursed +3 mace "Fipi" {vorpal, rC+ Str+4
                  | Int+3 Dex+4} (You found it on level 3 of the Lair of
                  | Beasts)
 19474 | Lair:4   | Found a staircase to the Swamp.
 20343 | Lair:5   | Found an iron altar of Okawaru.
 20394 | Lair:5   | Found a staircase to the Slime Pits.
 20420 | Lair:5   | Found a viscous altar of Jiyva.
 20702 | Lair:6   | Entered Level 6 of the Lair of Beasts
 20723 | Lair:6   | Reached XP level 15. HP: 152/152 MP: 14/14
 20850 | Lair:6   | Paralysed by a hornet for 3 turns
 20966 | Lair:6   | Received a gift from Trog
 22194 | Orc:1    | Entered Level 1 of the Orcish Mines
 22235 | Orc:1    | Received a gift from Trog
 22631 | Orc:2    | Entered Level 2 of the Orcish Mines
 22633 | Orc:2    | Found a roughly hewn altar of Beogh.
 22635 | Orc:2    | Found Bucyexor's Armour Boutique.
 22678 | Orc:2    | Found a staircase to the Elven Halls.
 22789 | Orc:2    | Found Hamess's Armour Shoppe.
 22789 | Orc:2    | Found Beujif's Antique Weapon Emporium.
 22806 | Orc:2    | Reached skill level 15 in Unarmed Combat
 23024 | Orc:2    | Found Uschuthigha's Book Shoppe.
 23026 | Orc:2    | Found Sufer's Jewellery Shop.
 23034 | Orc:2    | Found Pystynu's Distillery.
 23125 | Orc:2    | Noticed an orc warlord
 23140 | Orc:2    | Killed an orc warlord
 23174 | Orc:2    | Received a gift from Trog
 23286 | Orc:2    | Found Ruca's Antique Weapon Boutique.
 23331 | Orc:2    | Found Ehasats's Weapon Shoppe.
 23804 | Elf:1    | Entered Level 1 of the Elven Halls
 23933 | Elf:1    | Reached XP level 16. HP: 140/165 MP: 12/15
 24278 | Elf:1    | Found a shimmering blue altar of Sif Muna.
 24404 | Elf:1    | Reached skill level 10 in Shields
 24689 | Elf:1    | Found Ysaivem's Armour Shoppe.
 24871 | Elf:1    | Received a gift from Trog
 24925 | Elf:1    | Identified the Grimoire of Conjuration and Summoning
 25572 | Elf:2    | Found Zumuutz's Gadget Shop.
 25574 | Elf:2    | Bought a box of beasts for 800 gold pieces
 26004 | Elf:2    | Found the +4 dagger "Morg" {pain, MR+ Int+5}
 26014 | Elf:2    | Found a runed translucent gate.
 26018 | Elf:2    | Found a runed translucent gate.
 26020 | Elf:2    | Found a runed translucent gate.
 26179 | Elf:2    | Received a gift from Trog
 26432 | Elf:3    | Entered Level 3 of the Elven Halls
 26507 | Elf:3    | Noticed a deep elf blademaster
 26515 | Elf:3    | Killed a deep elf blademaster
 26750 | Elf:3    | Found Plog's Assorted Antiques.
 26763 | Elf:3    | Bought a wand of iceblast (11) for 144 gold pieces
 26873 | Elf:3    | Reached XP level 17. HP: 152/175 MP: 13/16
 27078 | Elf:3    | Noticed a deep elf master archer
 27110 | Elf:3    | Killed a deep elf master archer
 27244 | Elf:3    | Noticed a deep elf master archer
 27351 | Orc:2    | Bought an uncursed amulet of reflection for 390 gold pieces
 27562 | Elf:3    | Reached skill level 16 in Unarmed Combat
 27563 | Elf:3    | Cast into level 2 of the Abyss (a deep elf sorcerer)
 27852 | Abyss:2  | Found a corrupted altar of Lugonu.
 27899 | Abyss:2  | Received a gift from Trog
 28037 | Elf:3    | Escaped the Abyss
 28038 | Elf:3    | Identified the +5 plate armour "Peodade" {*Corrode rC+++
                  | Dex+5}
 28038 | Elf:3    | Identified the ring of Holoss {MR+ Int+9}
 28238 | Elf:3    | Noticed a deep elf blademaster
 28256 | Elf:3    | Killed a deep elf blademaster
 28289 | Elf:3    | Cast into level 3 of the Abyss (a deep elf sorcerer)
 28401 | Elf:3    | Escaped the Abyss
 28430 | Elf:3    | Killed a deep elf master archer
 28447 | Elf:3    | Identified the ring "Zokhui" {rPois rN+ MR+ Str+2 SInv}
 28810 | Elf:3    | Received a gift from Trog
 29011 | Elf:3    | Noticed a deep elf master archer
 29011 | Elf:3    | Noticed a deep elf master archer
 29013 | Elf:3    | Killed a deep elf master archer
 29014 | Elf:3    | Killed a deep elf master archer
 29060 | Elf:3    | Got a dazzling great mace
 29115 | Elf:3    | Identified the Almanac of the Fetching Entourage
 29188 | Elf:3    | Identified the +5 great mace "Towiomepn" {flame, Dex+3}
                  | (You found it on level 3 of the Elven Halls)
 29365 | D:8      | Bought a scroll of acquirement for 832 gold pieces
 29365 | D:8      | Bought a scroll of identify for 32 gold pieces
 29365 | D:8      | Bought a scroll of identify for 32 gold pieces
 29365 | D:8      | Bought a scroll of remove curse for 48 gold pieces
 29365 | D:8      | Bought a scroll of remove curse for 48 gold pieces
 29365 | D:8      | Bought a scroll of enchant armour for 120 gold pieces
 29365 | D:8      | Acquired the ring of Recklessness {rN+ Str+5 Slay+4}
 29488 | Spider:1 | Entered Level 1 of the Spider Nest
 29663 | Spider:1 | Found a frozen archway.
 29711 | IceCv    | Entered an ice cave
 29885 | IceCv    | Received a gift from Trog
 30285 | IceCv    | Reached skill level 10 in Evocations
 30589 | IceCv    | Noticed an Ice Fiend
 30604 | IceCv    | Reached XP level 18. HP: 185/185 MP: 17/17
 30617 | IceCv    | Killed an Ice Fiend
 30962 | Spider:1 | Noticed Rupert
 30973 | Spider:1 | Killed Rupert
 31497 | Spider:2 | Noticed Nikola
 31517 | Spider:2 | Killed Nikola
 32862 | Spider:3 | Received a gift from Trog
 33019 | Spider:3 | Reached skill level 17 in Unarmed Combat
 33844 | Spider:4 | Entered Level 4 of the Spider Nest
 34761 | Spider:4 | Received a gift from Trog
 34998 | Spider:4 | Got a gossamer rune of Zot
 35288 | Swamp:1  | Entered Level 1 of the Swamp
 35328 | Swamp:1  | Reached XP level 19. HP: 175/196 MP: 18/18
 36309 | Swamp:2  | Noticed Donald
 36321 | Swamp:2  | Killed Donald
 37088 | Swamp:3  | Received a gift from Trog
 37493 | Swamp:4  | Entered Level 4 of the Swamp
 37881 | Swamp:4  | Noticed the 27-headed Lernaean hydra
 37884 | Swamp:4  | Killed the 27-headed Lernaean hydra
 38171 | Swamp:4  | Got a decaying rune of Zot
 38763 | D:13     | Bought a scroll of brand weapon for 260 gold pieces
 38921 | Vaults:1 | Entered Level 1 of the Vaults
 39465 | Vaults:1 | Found Uhest's Assorted Antiques.
 39482 | Vaults:1 | Received a gift from Trog
 39498 | Vaults:1 | Got a brightly glowing demon whip {god gift}
 39499 | Vaults:1 | Identified the +4 demon whip of Elozuqor {vorpal, Dex+2}
                  | (Trog gifted it to you on level 1 of the Vaults)
 39554 | Vaults:1 | Bought a scroll of brand weapon for 560 gold pieces
 39879 | Vaults:1 | Reached XP level 20. HP: 208/208 MP: 19/19
 40079 | Vaults:2 | Found Ostrism's Book Emporium.
 40109 | Vaults:2 | Reached skill level 18 in Unarmed Combat
 40217 | Vaults:2 | Found the +2 hood of the Assassin {Detection Stab+ Stlth++}
 40267 | Vaults:2 | Found a radiant altar of Vehumet.
 40341 | Vaults:2 | Identified the +1 robe of the Special Tables {+Fly rF++
                  | rN+++ Str-3}
 40413 | Vaults:2 | Received a gift from Trog
 40887 | Vaults:2 | Found a staircase to the Crypt.
 40887 | Vaults:2 | Found a basalt altar of Yredelemnul.
 40888 | Vaults:2 | Found an ancient bone altar of Kikubaaqudgha.
 41568 | Vaults:2 | Received a gift from Trog
 41571 | Vaults:2 | Got a translucent demon whip {god gift}
 41572 | Vaults:2 | Identified the +9 demon whip of Analysis {antimagic, rPois
                  | rF+} (Trog gifted it to you on level 2 of the Vaults)
 41896 | Vaults:3 | Noticed Bai Suzhen
 42582 | Vaults:3 | Received a gift from Trog
 42630 | Vaults:3 | Reached skill level 15 in Shields
 42862 | Vaults:3 | Killed Bai Suzhen
 42863 | Vaults:3 | Reached skill level 15 in Fighting
 43345 | Vaults:4 | Found Quust's Antique Weapon Shop.
 43482 | Vaults:4 | Reached XP level 21. HP: 193/218 MP: 20/20
 43643 | Vaults:4 | Received a gift from Trog
 43722 | Vaults:4 | Noticed Margery
 43741 | Vaults:4 | Killed Margery
 43968 | Vaults:4 | Reached skill level 19 in Unarmed Combat
 44022 | Vaults:4 | Found Edwuhicoc's Antique Weapon Emporium.
 44103 | Vaults:4 | Found Keg Uta's Jewellery Shop.
 44314 | Vaults:4 | Found Duopigoh's Magic Scroll Shop.
 44327 | Vaults:4 | Bought a scroll of enchant armour for 150 gold pieces
 44327 | Vaults:4 | Bought a scroll of fog for 40 gold pieces
 44327 | Vaults:4 | Bought a scroll of teleportation for 60 gold pieces
 44327 | Vaults:4 | Bought a scroll of enchant weapon for 150 gold pieces
 44327 | Vaults:4 | Bought a scroll of fog for 40 gold pieces
 44339 | Vaults:4 | Found Xevocse's Antique Armour Shoppe.
 44627 | Vaults:4 | Found a runed translucent gate.
 44627 | Vaults:4 | Found a runed translucent gate.
 44627 | Vaults:4 | Found a runed translucent gate.
 44630 | Vaults:4 | Noticed Silenth's ghost (adept DrFE)
 44960 | Vaults:5 | Entered Level 5 of the Vaults
 45004 | Vaults:5 | Received a gift from Trog
 45099 | Vaults:5 | Noticed a golden dragon
 45113 | Vaults:5 | Killed a golden dragon
 45246 | Vaults:5 | Identified the Tome of Frigorific Sinister Arts
 45318 | Vaults:5 | Found the +9 scales of the Dragon King {rPois rF+ rC+ MR+}
 45408 | Vaults:5 | Noticed an ancient lich
 45424 | Vaults:5 | Killed an ancient lich
 45435 | Vaults:5 | Reached XP level 22. HP: 199/231 MP: 21/21
 45533 | Vaults:5 | Received a gift from Trog
 45577 | Vaults:5 | Identified Sif Muna's Handbook of the Traveller
 46123 | Vaults:5 | Reached skill level 20 in Unarmed Combat
 46330 | Vaults:5 | Received a gift from Trog
 46464 | Vaults:5 | Identified a ring of Dawn {rF+ MP+9 Str+6} (You found it on
                  | level 5 of the Vaults)
 46642 | Vaults:5 | Noticed a golden dragon
 46647 | Vaults:5 | Identified the ring of Buhegyr {MP-9 Int+10 Dex+6}
 46695 | Vaults:5 | Reached skill level 1 in Armour
 46916 | Vaults:5 | Identified the Volume of Weightlessness and Black Rituals
 46947 | Vaults:5 | Got a silver rune of Zot
 47000 | Vaults:5 | Killed a golden dragon
 47152 | Vaults:5 | Noticed a golden dragon
 47152 | Vaults:5 | an iron giant changed into a golden dragon
 47161 | Vaults:5 | Killed a golden dragon
 47759 | Depths:1 | Entered Level 1 of the Depths
 47808 | Depths:1 | Received a gift from Trog
 47835 | Depths:1 | Found a broken altar of Ashenzari.
 47965 | Depths:1 | Found a gateway to Hell.
 48059 | Depths:1 | You fall into a shaft and drop 1 floor!
 48101 | Depths:2 | You fall into a shaft and drop 2 floors!
 48131 | Depths:4 | Reached XP level 23. HP: 150/241 MP: 22/22
 48352 | Depths:3 | Noticed a caustic shrike
 48360 | Depths:3 | Killed a caustic shrike
 48361 | Depths:3 | Reached skill level 5 in Armour
 48627 | Depths:3 | Received a gift from Trog
 48655 | Depths:3 | Noticed a caustic shrike
 48675 | Depths:3 | Killed a caustic shrike
 49091 | Depths:1 | Found Fiahun's Magic Scroll Emporium.
 49091 | Depths:1 | Found Ceitreff's Distillery.
 49105 | Depths:1 | Bought a scroll of teleportation for 48 gold pieces
 49105 | Depths:1 | Bought a scroll of silence for 120 gold pieces
 49105 | Depths:1 | Bought a scroll of teleportation for 48 gold pieces
 49105 | Depths:1 | Bought a scroll of teleportation for 48 gold pieces
 49105 | Depths:1 | Bought a scroll of holy word for 120 gold pieces
 49111 | Depths:1 | Bought a potion of heal wounds for 80 gold pieces
 49111 | Depths:1 | Bought a potion of resistance for 160 gold pieces
 49111 | Depths:1 | Bought a potion of resistance for 160 gold pieces
 49258 | Depths:1 | Noticed Aizul
 49265 | Depths:1 | Killed Aizul
 49744 | Depths:2 | Found a one-way gate to the infinite horrors of the Abyss.
 49857 | Depths:2 | Received a gift from Trog
 50157 | Depths:2 | Reached skill level 21 in Unarmed Combat
 51280 | Depths:3 | Found a one-way gate leading to the halls of Pandemonium.
 51468 | Depths:4 | Reached XP level 24. HP: 250/253 MP: 22/22
 51497 | Depths:3 | Reached skill level 15 in Evocations
 51498 | Depths:3 | Received a gift from Trog
 52527 | Depths:4 | Received a gift from Trog
 52628 | Depths:4 | Identified Myebliel's Volume of Combat Magic
 52667 | Depths:4 | Identified the ring of Cibynlen {Dex+3 Stlth-} (You found
                  | it on level 4 of the Depths)
 52670 | Depths:4 | Identified the Disquisition on the Volcanoes
 52778 | Depths:5 | Entered Level 5 of the Depths
 52820 | Depths:5 | Reached skill level 10 in Armour
 52843 | Depths:5 | Found a gateway to a ziggurat.
 52907 | Depths:5 | Found a runed translucent door.
 53332 | Depths:5 | Found a gate to the Realm of Zot.
 53722 | Depths:5 | Found Beoniugh's General Store.
 53730 | Depths:5 | Bought a scroll of holy word for 120 gold pieces
 53730 | Depths:5 | Bought a scroll of magic mapping for 56 gold pieces
 54909 | Depths:5 | Received a gift from Trog
 55081 | Zot:1    | Entered Level 1 of the Realm of Zot
 55500 | Zot:1    | Reached XP level 25. HP: 107/256 MP: 22/22
 56600 | Zot:2    | You fall into a shaft and drop 2 floors!
 56727 | Zot:3    | Reached skill level 22 in Unarmed Combat
 56763 | Zot:3    | Identified the +3 flail of the Demagogue {chaos, MR+ Dex+2}
 56897 | Zot:3    | Identified the ring "Iwebb" {*Contam rPois Str+2 Stlth-}
                  | (You found it on level 3 of the Realm of Zot)
 56908 | Zot:2    | Noticed an orb of fire
 56920 | Zot:2    | Killed an orb of fire
 58294 | Zot:2    | Reached XP level 26. HP: 248/267 MP: 22/22
 58822 | Zot:3    | Noticed an ancient lich
 58934 | Zot:3    | Killed an ancient lich
 59631 | Zot:3    | Noticed an ancient lich
 59654 | Zot:3    | Killed an ancient lich
 60611 | Zot:4    | Received a gift from Trog
 61446 | Zot:4    | Reached skill level 23 in Unarmed Combat
 61578 | Zot:5    | Entered Level 5 of the Realm of Zot
 61950 | Zot:5    | Reached XP level 27. HP: 283/283 MP: 22/22
 62204 | Zot:5    | Noticed an orb of fire
 62211 | Zot:5    | Gained mutation: Your magical capacity is low. (-10% MP)
                  | [an orb of fire]
 62212 | Zot:5    | Gained mutation: Scrolls take you a little longer to read.
                  | [an orb of fire]
 62230 | Zot:5    | Gained mutation: Your spells are a little easier to cast,
                  | but a little less powerful. [an orb of fire]
 62240 | Zot:5    | Gained mutation: You tend to lose your temper in combat.
                  | [an orb of fire]
 62242 | Zot:5    | Gained mutation: You are frail. (-10% HP) [an orb of fire]
 62243 | Zot:5    | Killed an orb of fire
 62347 | Zot:5    | Noticed an ancient lich
 62371 | Zot:5    | Killed an ancient lich
 62375 | Zot:5    | Reached skill level 15 in Armour
 62751 | D:11     | Lost mutation: You are frail. (-10% HP) [potion of
                  | mutation]
 62751 | D:11     | Lost mutation: You tend to lose your temper in combat.
                  | [potion of mutation]
 62751 | D:11     | Gained mutation: You are weak. (Str -2) [potion of
                  | mutation]
 62751 | D:11     | Gained mutation: Your magical capacity is very low. (-20%
                  | MP) [potion of mutation]
 62751 | D:11     | Gained mutation: You can translocate small distances at
                  | will. [potion of mutation]
 62752 | D:11     | Lost mutation: You can translocate small distances at will.
                  | [potion of mutation]
 62752 | D:11     | Lost mutation: Your magical capacity is very low. (-20% MP)
                  | [potion of mutation]
 62752 | D:11     | Lost mutation: Your spells are a little easier to cast, but
                  | a little less powerful. [potion of mutation]
 62752 | D:11     | Lost mutation: Your magical capacity is low. (-10% MP)
                  | [potion of mutation]
 62752 | D:11     | Gained mutation: You possess an exceptional clarity of
                  | mind. [potion of mutation]
 62752 | D:11     | Gained mutation: You have a pair of small antennae on your
                  | head. [potion of mutation]
 62752 | D:11     | Gained mutation: You are surrounded by a mild repulsion
                  | field. (EV +2) [potion of mutation]
 63201 | Zot:5    | Noticed an orb of fire
 63207 | Zot:5    | Gained mutation: Potions are less effective at restoring
                  | your health. [an orb of fire]
 63227 | Zot:5    | Killed an orb of fire
 63563 | Zot:5    | HP: 4/284 [Orb Guardian (13)]
 63565 | Zot:5    | Slain by an Orb Guardian

Illustrated notes

Levels and vault maps discovered:
D:1:      roderic_lyre, layout_rooms, serial_glass, glass_columns_a,
          glass_columns_a
D:2:      layout_rooms, gammafunk_temple_overflow_statue,
          makhleb_heckhound_becter, serial_corexii_hall, corexii_hall_statues_i,
          chequers_hall_statues_y, corexii_hall_statues_u,
          chequers_hall_statues_wall_a, minmay_misc_feat_tower
D:3:      layout_loops_ring, overflow_temple_1_default, uniq_sigmund
D:4:      layout_basic, serial_shops, kennysheep_mini_moat,
          yredelemnul_altar_generic
D:5:      layout_basic, overflow_temple_1_default, gup_sewer_entry_glass
D:6:      layout_loops_ring, kennysheep_vampire_church,
          nicolae_dithmenos_shadow_blocks, minmay_temple_entry_grid,
          chequers_ossuary_entry_cave, minmay_gold_behind_fungi
D:7:      layout_basic, nicolae_qazlal_style_of_elements, grunt_ministairs_4,
          uniq_crazy_yiuf_cottage
D:8:      gammafunk_corrupted_shrine, layout_gridville, tso_oasis_becter,
          serial_shops, shop, hangedman_decor_diamond_cutter
D:9:      layout_rooms, general_overflow_altar,
          kennysheep_orc_monster_closet_entryway, uniq_joseph
D:10:     kennysheep_six_static_rooms, layout_small_grid
D:11:     layout_rooms, minmay_lair_entry_grove
D:12:     layout_cave_pools, serial_shops, shop, st_stairs_8, uniq_azrael
D:13:     kennysheep_kobold_grotto, layout_small_grid, erik_vaults_1,
          serial_shops, shop, minmay_misc_feat_rugged, minmay_the_grid_2x2
          [minmay_the_grid_outer_diamond, minmay_the_grid_paths,
          minmay_the_grid_x, minmay_the_grid_prize_four_corners]
D:14:     layout_roguey
D:15:     gammafunk_depths_entry_grave, layout_rooms, nicolae_ru_path_of_blood
Temple:   hc_temple_tempest_star
Lair:1:   layout_cave_pods, beast_lair_carwin_6, lemuel_fruit_fields, uniq_grum,
          uniq_sonja
Lair:2:   layout_roguey, spider_nest_entry_funnel_web, gauntlet_entry_generic
Lair:3:   layout_long_grid, chequers_serial_rivers_large_b, pf_torpor_hydra
Lair:4:   layout_roguey, swamp_mist, eino_small_chamber_without_monster,
          grunt_forest_large_clearings, infiniplex_staircase_pool_2
Lair:5:   layout_small_grid, slime_altar_1, basic_altar
Lair:6:   minmay_lair_end_enchanted_forest, layout_hall_layers
Swamp:1:  layout_basic_swamp, evilmike_swamp_ruin_house_6, swamp_pool1
Swamp:2:  layout_falls_marsh, evilmike_swamp_ruin_house_4, uniq_donald
Swamp:3:  layout_falls_marsh, evilmike_swamp_ruin_house_5, swamp_pool5,
          st_swamp_ruins_1
Swamp:4:  swamp_old_school, layout_basic_swamp
Spider:1: layout_spider_delve, portal_ice_cave_entry_ice_statue_two, uniq_rupert
Spider:2: layout_spider_delve, uniq_nikola
Spider:3: layout_spider_delve
Spider:4: guppyfry_spider_rune, hangedman_spider_tarantella_strand
Orc:1:    layout_caves
Orc:2:    st_orc_open, layout_caves, basic_altar, serial_shops,
          nicolae_shop_statue_plus, shop_fountains, shop, shop, abandoned_shop
Elf:1:    eino_elf_arrival_sip, layout_rooms, basic_altar, serial_shops,
          shop_fountains, minmay_elf_sorcery
Elf:2:    layout_geoelf_octagon, serial_shops, shop,
          nicolae_elf_big_sculpture_1, einodemon_crawler_minivault
Elf:3:    minmay_elf_hall, layout_geoelf_octagon, serial_shops, shop,
          grunt_megastairs_4
Vaults:1: v_misc_18, vaults_standard_mumra_x, vaults_room_grid,
          nicolae_vaults_yaktaur_gun_rack, vaults_mumra_hexcomb,
          vaults_room_pool, vaults_room_door_hall, ontoclasm_vaults_echo,
          ontoclasm_vaults_shuriken, grunt_vaults_twisty, vaults_dpeg_spiral,
          vaults_room_octagon, ontoclasm_vaults_loading_screen,
          nicolae_vaults_circle_grid_a, ontoclasm_vaults_loading_screen,
          layout_vaults_omnibox, serial_shops, nicolae_shop_crystal
Vaults:2: nicolae_vaults_three_branches, vaults_room_semicircle,
          minmay_crypt_entry_necro_gods, hangedman_vaults_stitches,
          vaults_dpeg_cross, nicolae_vaults_windows_and_doors_thing, v_misc_15,
          grunt_tower_of_power, nicolae_vaults_little_ls, v_misc_28,
          nicolae_vaults_ring_of_whatevers, dpeg_vaults_monster_box,
          nicolae_vaults_sealed_display, nicolae_vaults_diagonal_hallway_7,
          layout_vaults_big_cross, serial_shops, shop
Vaults:3: hangedman_vaults_unwind, nicolae_vaults_shelves_hall, v_misc_3,
          ontoclasm_vaults_loading_screen, vaults_room_semicircle,
          nicolae_vaults_mini_display_case, vaults_room_pools,
          nicolae_vaults_little_squares_6, vaults_dpeg_encased_lava,
          layout_vaults_omnigrid, uniq_bai_suzhen
Vaults:4: gammafunk_vaults_ghost_tricky_traps, ontoclasm_vaults_tryst,
          v_alt_pattern_2, st_octagons_1, vaults_room_fours,
          nicolae_vaults_little_squares_4, v_rooms_1, v_misc_26,
          ontoclasm_vaults_chip, nicolae_vaults_specimen_jars, v_misc_32,
          nicolae_vaults_rhombus_7, layout_vaults_big_room, serial_shops,
          shop_coins, shop_statue, nicolae_shop_trees, nicolae_shop_waterfront,
          nicolae_shop_behind_doors, uniq_margery
Vaults:5
Depths:1: layout_roguey, lightli_too_deep, serial_sigils_hangedman_gnaw,
          evilmike_ruin_ashenzari, minmay_shoptagon, uniq_aizul
Depths:2: minmay_quarter_circles, layout_cave_pools, grunt_decor_junction,
          abyss_entry, hell_entry
Depths:3: nicolae_legendary_halls, layout_gridlike, hell_entry,
          grunt_pan_entry_in_and_out
Depths:4: gold_lair_mu, layout_cave_pools, nicolae_benzene_ring, abyss_entry,
          hell_entry, infiniplex_staircase_x
Depths:5: evilmike_zot_entry_argh, layout_gridlike, enter_ziggurat_c,
          serial_shops, shop, grunt_hell_entry_dis_grunt,
          hangedman_decor_peaks_small, eino_small_chamber_without_monster,
          kennysheep_treasure_room, serial_bayou_shore_b
Zot:1:    layout_basic
Zot:2:    layout_misc_corridors, grunt_ministairs_5, zot_minivault_3,
          grunt_megastairs_2
Zot:3:    layout_onion_interference, hangedman_snap_crack_crunch
Zot:4:    kennysheep_room_grid, layout_concentric_octagons,
          st_single_dragon_hoard_2
Zot:5:    layout_misc_corridors

Skill      XL: |  1  2  3  4  5  6  7  8  9 10 11 12 13 14 15 16 17 18 19 20 21 22 23 24 25 26 27 |
---------------+----------------------------------------------------------------------------------+-----
Unarmed Combat | 1 2 3 4 5 6 7 9 10 11 12 13 14 15 16 17 18 19 20 21 22 23 | 23.4
Fighting       | 2 3 4 5 6 7 8 9 10 11 12 13 14 15 16 17 18 19 | 19.7
Dodging        | 2 3 4 5 6 7 8 9 10 11 12 13 | 13.5
Evocations     | 1 2 4 5 6 7 8 9 10 11 12 13 14 15 16 17 | 17.2
Shields        | 3 5 6 8 9 10 11 12 14 15 16 | 16.3
Armour         | 4 8 11 13 14 15 | 15.2
Throwing       | |  3.6
Stealth        | |  0.3

Action                   |  1- 3 |  4- 6 |  7- 9 | 10-12 | 13-15 | 16-18 | 19-21 | 22-24 | 25-27 || total
-------------------------+-------+-------+-------+-------+-------+-------+-------+-------+-------++-------
Melee: Unarmed           |   128 |   189 |   403 |   652 |  1459 |  1801 |  1591 |  1707 |  1259 ||  9189
       Punch             |     1 |     5 |    14 |    32 |    31 |       |       |       |       ||    83
       Mace              |       |       |       |       |    29 |       |       |       |       ||    29
       Eveningstar       |       |       |       |       |       |       |    31 |       |       ||    31
Throw: Dart              |       |       |       |     3 |     5 |       |     4 |       |       ||    12
       Large rock        |       |       |       |     1 |       |       |     3 |     3 |       ||     7
       Javelin           |       |       |       |       |       |       |       |     5 |       ||     5
Invok: Berserk           |       |     1 |     4 |     9 |    16 |    11 |    14 |     7 |     2 ||    64
       Trog's Hand       |       |       |     1 |     6 |    10 |    11 |    16 |    14 |    11 ||    69
       Brothers in Arms  |       |       |       |     2 |     1 |     4 |     9 |     2 |     6 ||    24
 Abil: Evoke Flight      |       |       |       |       |       |     2 |       |     4 |       ||     6
Evoke: Wand              |       |       |       |     3 |       |     6 |     4 |    12 |     2 ||    27
       Phial of floods   |       |       |       |       |       |       |       |     1 |     1 ||     2
       Phantom mirror    |       |       |       |       |       |       |       |       |     1 ||     1
  Use: Potion            |       |       |     1 |     1 |       |     5 |     2 |     4 |     6 ||    19
       Scroll            |       |       |       |    15 |    20 |    15 |    21 |     8 |     7 ||    86
 Stab: Sleeping          |       |     3 |    19 |     5 |     9 |     3 |     9 |       |       ||    48
       Distracted        |       |       |     2 |     2 |       |     2 |     8 |       |       ||    14
       Paralysed         |       |       |       |       |       |       |     1 |       |       ||     1
       Invisible         |       |       |       |       |       |       |       |     1 |       ||     1
Armor: Robe              |    55 |    71 |    79 |    51 |       |       |       |       |       ||   256
       Acid dragon scale |       |       |       |   171 |   379 |   339 |     3 |       |       ||   892
       Swamp dragon scal |       |       |       |       |       |       |   161 |       |       ||   161
       Fire dragon scale |       |       |       |       |       |       |    17 |       |       ||    17
       Gold dragon scale |       |       |       |       |       |       |     7 |   344 |   324 ||   675
Dodge: Dodged            |    72 |   112 |   174 |   424 |   518 |   563 |   273 |   226 |   170 ||  2532
Block: Tower shield      |       |       |       |       |   952 |  2100 |  1585 |  1670 |  1181 ||  7488
       Reflection        |       |       |       |       |       |    26 |   101 |   121 |    20 ||   268

Table legend: (Time is in decaauts)
 A = Elapsed time spent in this place.
 B = Non-inter-level travel time spent in this place.
 C = Inter-level travel time spent in this place.
 D = Time resting spent in this place.
 E = Time spent auto-exploring this place.
 F = Levels seen in this place.
 G = Mean time per level.
                   A        B        C        D        E       F      G
               +--------+--------+--------+--------+--------+-----+--------+
         Total |  61993 |  58335 |   3658 |   5446 |  33662 |  56 | 1107.0 |
       Dungeon |  14854 |  13544 |   1310 |    698 |   9036 |  15 |  990.3 |
        Temple |    191 |    161 |     30 |      0 |    160 |   1 |  191.0 |
          Lair |   6014 |   5636 |    378 |    214 |   3979 |   6 | 1002.3 |
         Swamp |   3500 |   3341 |    159 |    199 |   2404 |   4 |  875.0 |
   Spider Nest |   4346 |   4136 |    210 |     45 |   2761 |   4 | 1086.5 |
  Orcish Mines |   1848 |   1680 |    168 |    289 |    944 |   2 |  924.0 |
   Elven Halls |   4571 |   4172 |    399 |    623 |   2096 |   3 | 1523.7 |
        Vaults |   8158 |   7935 |    223 |    424 |   4001 |   5 | 1631.6 |
        Depths |   7220 |   6761 |    459 |   1206 |   3274 |   5 | 1444.0 |
           Zot |   7490 |   7170 |    320 |   1564 |   3175 |   5 | 1498.0 |
         Abyss |    550 |    550 |      0 |      0 |    282 |   2 |  275.0 |
         Sewer |    637 |    637 |      0 |      0 |    346 |   1 |  637.0 |
       Ossuary |    546 |    546 |      0 |     44 |    282 |   1 |  546.0 |
      Ice Cave |   1195 |   1195 |      0 |     49 |    673 |   1 | 1195.0 |
      Gauntlet |    865 |    865 |      0 |     88 |    245 |   1 |  865.0 |
               +--------+--------+--------+--------+--------+-----+--------+

Top non-repeatable levels by time:
Vaults:5: 2375 daAuts
Depths:5: 2285 daAuts
   Zot:2: 1971 daAuts
   Elf:3: 1956 daAuts
    D:13: 1819 daAuts
   Zot:4: 1763 daAuts
Vaults:2: 1649 daAuts
Vaults:4: 1613 daAuts
Depths:3: 1528 daAuts
Spider:2: 1461 daAuts
   Elf:1: 1437 daAuts
Depths:4: 1430 daAuts
Vaults:3: 1400 daAuts
   Zot:1: 1396 daAuts
  Lair:6: 1326 daAuts
